 Dungeon Crawl Stone Soup version 0.27-a0-660-g90476cec82 (webtiles) character file.

Game seed: 15110286588217806832

384558 jasper the Fencer (level 21, -25/153 HPs)
             Began as a Demonspawn Gladiator on Mar 16, 2021.
             Was a High Priest of Trog.
             Annihilated by an ettin
             ... wielding a +0 dire flail of holy wrath
              (31 damage)
             ... on level 2 of the Depths on Mar 17, 2021.
             The game lasted 01:51:59 (79672 turns).

jasper the Fencer (Demonspawn Gladiator)           Turns: 79672, Time: 01:52:01

Health: -25/153    AC: 24    Str: 17    XL:     21   Next: 97%
Magic:  0/21       EV: 28    Int: 10    God:    Trog [*****.]
Gold:   725        SH:  0    Dex: 32    Spells: 20/20 levels left

rFire    + + +     SeeInvis +   t - +9 great sword (drain)
rCold    . . .     Faith    .   (shield currently unavailable)
rNeg     + . .     Spirit   +   F - +7 fire dragon scales
rPois    .         Reflect  .   (helmet unavailable)
rElec    .         Harm     .   h - +2 cloak
rCorr    .         Rampage  .   o - +0 pair of gloves
Will     +++..                  N - +1 pair of boots {Fly}
Stlth    +++++++...             x - amulet of the acrobat
HPRegen  1.35/turn              l - ring "Ifidulez" {rF+ rN+ EV+4}
MPRegen  0.34/turn              v - ring of Noawuli {rC+ Dex+4}

@: flying, regenerating, studying Staves
A: antennae 3, thin skeletal structure 3, demonic guardian 2, fire resistance 1,
magic shield, magic regeneration, magic link, deformed body, frail 1
}: 2/15 runes: barnacled, gossamer
a: Stop Flying, Renounce Religion, Berserk, Trog's Hand, Brothers in Arms


You were on level 2 of the Depths.
You worshipped Trog.
Trog was extremely pleased with you.
You visited 9 branches of the dungeon, and saw 40 of its levels.
You visited the Abyss 1 time.
You also visited: Ice Cave.

You collected 4605 gold pieces.
You spent 3880 gold pieces at shops.

Inventory:

Hand Weapons
 t - a +9 great sword of draining (weapon)
 y - a +4 triple sword of flaming
 G - a +6 vorpal great sword
 T - a +3 antimagic great sword
Missiles
 g - 14 throwing nets
 j - 1043 stones (quivered)
 I - 10 curare-tipped darts
Armour
 h - a +2 cloak (worn)
 o - a +0 pair of gloves (worn)
 F - +7 fire dragon scales (worn)
 N - a +1 pair of boots of flying (worn)
Jewellery
 c - the ring "Nedol" {+Fly rN+ Int-3 Dex+4}
   (You found it in an ice cave)

   [ring of flight]

   It affects your intelligence (-3).
   It affects your dexterity (+4).
   It protects you from negative energy.
   It lets you fly.
 l - the ring "Ifidulez" (right hand) {rF+ rN+ EV+4}
   (You found it on level 2 of the Abyss)

   [ring of evasion]

   It affects your evasion (+4).
   It protects you from fire.
   It protects you from negative energy.
 v - the ring of Noawuli (left hand) {rC+ Dex+4}
   (You bought it in a shop on level 3 of the Elven Halls)

   [ring of protection from cold]

   It affects your dexterity (+4).
   It protects you from cold.
 x - an amulet of the acrobat (around neck)
 D - a ring of poison resistance
Wands
 b - a wand of mindburst (36)
 w - a wand of flame (21)
 M - a wand of random effects (20)
 R - a wand of paralysis (17)
 V - a wand of charming (4)
 W - a wand of iceblast (34)
Scrolls
 i - 12 scrolls of teleportation
 k - 17 scrolls of identify
 m - a scroll of vulnerability
 n - a scroll of silence
 r - 4 scrolls of fear
 B - 3 scrolls of fog
 H - 2 scrolls of magic mapping
 Q - 6 scrolls of blinking
 Y - 2 scrolls of holy word
Potions
 e - 7 potions of might
 f - 2 potions of cancellation
 s - 12 potions of attraction
 z - 8 potions of curing
 A - 4 potions of lignification
 C - a potion of invisibility
 E - 3 potions of mutation
 K - 5 potions of haste
 L - 3 potions of resistance
 O - 3 potions of magic
 S - 8 potions of ambrosia
 Z - 2 potions of heal wounds
Miscellaneous
 a - a lightning rod (4/4)
 p - a condenser vane
 q - a phantom mirror
 P - a tin of tremorstones (1/2)
 X - a phial of floods


   Skills:
 + Level 15.9 Fighting
 - Level 20.0 Long Blades
 - Level 0.5(1.2) Slings
 - Level 1.7(1.8) Throwing
 - Level 15.0 Armour
 - Level 15.1 Dodging
 - Level 12.0 Stealth
 - Level 12.0 Evocations


You had 20 spell levels left.
You didn't know any spells.
Your spell library was empty.

Dungeon Overview and Level Annotations

Branches:
Dungeon (15/15)            Temple (0/1) D:7            Lair (6/6) D:8
 Shoals (4/4) Lair:4       Spider (4/4) Lair:4        Slime (1/5) Lair:5
    Orc (2/2) D:11            Elf (3/3) Orc:2        Vaults (3/5) D:13
 Depths (2/5) D:15          IceCv (visited)
  Crypt: Vaults:2-3

Altars:
Dithmenos
Elyvilon
Fedhas
Hepliaklqana
Nemelex Xobeh
Okawaru
Qazlal
Ru
Trog
Xom
Yredelemnul
The Shining One
Beogh

Shops:
D:4 *   D:9 !   D:10 ?   D:14 *   Orc:2 (:[!   Elf:2 *   Elf:3 :=:   Shoals:4 :
Vaults:1 !   Vaults:2 *

Portals:
Hell: Depths:1
Abyss: Depths:1
Pandemonium: Depths:1
Trove: Depths:1 (give 15 scrolls of teleportation)

Annotations:
Lair:5 exclusion: 2 oklob plants
Elf:2 3 runed translucent doors
Elf:3 1 exclusion
Depths:1 2 runed translucent doors, srzhan31's ghost, adept GrCj


Innate Abilities, Weirdness & Mutations

You have a pair of large antennae on your head. (SInv)
You have an unnaturally thin skeletal structure. (Dex +6, Stealth++)
A demonic guardian rushes to your aid.
Your flesh is heat resistant. (rF+)
When hurt, damage is shared between your health and your magic reserves.
You regenerate magic rapidly.
When low on magic, you restore magic in place of health.
Armour fits poorly on your strangely shaped body.
You are frail. (-10% HP)


Message History

You slash the great orb of eyes!
The great orb of eyes is lightly wounded.
The fire giant misses you. The ettin misses you.
You riposte.
You hit the ettin but do no damage.
The ettin is lightly wounded.
The ettin closely misses you.
The great orb of eyes completely misses you.
You hit the great orb of eyes but do no damage.
The great orb of eyes is lightly wounded.
The great orb of eyes misses you.
You riposte.
You slice the great orb of eyes!!
The great orb of eyes is heavily wounded.
The fire giant completely misses you.
You regained 2 mp, and now have 14/21 mp.
The spark wasp stings you but does no damage.
The ettin hits you with a +0 dire flail of holy wrath!
You convulse.
The ettin hits you with a +0 dire flail!
The great orb of eyes completely misses you.
The fire giant completely misses you.
You take 26 damage, and have 53/153 hp.
You now have 8/21 mp.
You slash the spark wasp!
The spark wasp is almost dead.
The spark wasp misses you. The great orb of eyes bites you!
* * * LOW HITPOINT WARNING * * *
The ettin misses you.
The ettin hits you with a +0 dire flail!!
* * * LOW HITPOINT WARNING * * *
A demonic guardian appears!
The great orb of eyes bites you!
* * * LOW HITPOINT WARNING * * *
You take 42 damage, and have 11/153 hp.
MASSIVE DAMAGE!!
You now have 3/21 mp.
You slash the spark wasp!
You kill the spark wasp!
Trog accepts your kill.
The fire giant hits you with a +0 great sword of flaming.
* * * LOW HITPOINT WARNING * * *
The great orb of eyes completely misses you.
The ettin hits you but does no damage.
The ettin hits you with a +0 dire flail!!
You die...

≈≈.........(..(............
≈≈.################..######
≈≈.# #..†.....##[.......#
...# #........##........#
≈≈.#..#......#..#......#.{#
≈≈.#...#....#....#....#...#
≈≈.#....#..#......#..#....#
≈≈.#.....##.....†2.##{....#
≈≈.#.....##...)C@..##.....#
≈≈.#....#..#...CGG#..#....#
≈≈.#...#....#....#....#...#
≈≈.#..#.....)#..#......#..#
≈≈.###........##........###
≈≈. #........##........#
≈≈. .#......#..#......#.
≈≈. ..#....#....#....#. ≈≈.
...#..#.{..(.#..#.


You could see a fire giant (drained), 2 great orbs of eyes, an ettin and a
friendly lorocyproca (summoned, invisible).

Vanquished Creatures
  Rupert (D:12)
  A tentacled monstrosity (Depths:2)
  4 sphinxes
  A deep elf master archer (Elf:1)
  2 tentacled starspawn (Abyss:2)
  A kraken (Shoals:3)
  Frances (D:13)
  Kirke (Shoals:1)
  A tengu reaver (Depths:2)
  Donald (Orc:2)
  2 fire giants
  4 frost giants
  2 vault wardens
  Aizul (Lair:4)
  3 ghost moths
  A balrug (Depths:1)
  8 emperor scorpions
  5 ironbound preservers
  An orc warlord (D:11)
  9 very ugly things
  4 war gargoyles
  6 stone giants
  A deep elf demonologist (Elf:2)
  2 starcursed masses (Abyss:2)
  The ghost of Terrapin the Martial Artist, a journeyman MfTm of Cheibriados (D:13)
  4 entropy weavers
  A deep elf annihilator (Elf:3)
  The ghost of Weelen the Severer, a journeyman MiBe of Trog (D:12)
  A dire elephant (Vaults:1)
  6 spark wasps
  A green death (Abyss:2)
  3 merfolk javelineers (Shoals:4)
  3 ettins
  A deep elf death mage (Elf:3)
  6 jiangshi (Depths:1)
  3 merfolk impalers
  6 ironbound thunderhulks
  4 rakshasas
  6 boulder beetles
  3 ice dragons
  4 yaktaur captains
  2 peacekeepers (Vaults:2)
  7 great orbs of eyes
  9 fire dragons
  5 vault guards
  8 hydras
  6 centaur warriors (D:13)
  2 naga warriors (D:13)
  2 alligator snapping turtles
  4 ironbound frosthearts
  2 ogre magi (Orc:2)
  5 merfolk avatars
  A death knight (D:15)
  8 merfolk aquamancers
  15 death yaks
  6 death scarabs (Spider:4)
  2 deep troll shamans (Depths:1)
  A queen ant (Spider:3)
  11 dancing weapons
  2 satyrs
  13 two-headed ogres
  A thrashing horror (Abyss:2)
  A deep troll earth mage (Depths:1)
  2 spriggan berserkers (Depths:2)
  5 tengu warriors
  An orc high priest (Elf:3)
  10 deep elf knights
  An ironbound beastmaster (Vaults:1)
  3 vampire magi
  A spectral emperor scorpion (Spider:4)
  A skeletal warrior (D:15)
  A wretched star (Abyss:2)
  An iron troll (Depths:1)
  2 swamp dragons (Lair:6)
  12 sea snakes
  7 deep trolls
  A glowing orange brain (Depths:2)
  3 unseen horrors
  A shadow dragon zombie (Vaults:2)
  Pikel (D:7)
  A phantasmal warrior (Vaults:3)
  6 deep elf archers
  4 spectral wolf spiders (Spider:4)
  20 harpies
  8 ironbound convokers
  A wolf spider zombie (Spider:4)
  6 wizards
  A necromancer (Vaults:2)
  23 wolf spiders
  19 deep elf pyromancers
  35 ugly things
  17 manticores
  12 fauns
  9 orb spiders
  18 deep elf zephyrmancers
  3 orc knights
  A human zombie (Vaults:2)
  3 centaur zombies
  An orc sorcerer (Elf:3)
  8 cyclopes
  A cyclops (shapeshifter) (Elf:3)
  13 elephants
  5 moths of wrath
  A stone giant skeleton (Vaults:2)
  A fire giant skeleton (Vaults:2)
  Maurice (Orc:2)
  11 vault sentinels
  7 black mambas
  8 merfolk sirens
  6 cane toads
  3 torpor snails
  An ice statue (IceCv)
  2 gargoyles (D:11)
  5 water nymphs
  A redback zombie (Spider:4)
  4 kobold demonologists
  A spectral redback (Spider:4)
  An efreet (D:14)
  A tengu conjurer (Depths:2)
  13 rime drakes
  3 freezing wraiths (D:15)
  5 yaktaurs (Vaults:1)
  16 demonic crawlers
  8 komodo dragons
  An ancient zyme (Abyss:2)
  2 hellwings
  3 meliai (Lair:5)
  22 jumping spiders
  19 merfolk
  11 hornets
  A raiju (Spider:2)
  9 trolls
  16 polar bears
  3 tarantella zombies (Spider:4)
  4 spectral tarantellas (Spider:4)
  18 slime creatures
  33 blink frogs
  A spectral jumping spider (Spider:4)
  5 wind drakes
  A dream sheep (shapeshifter) (Vaults:3)
  2 jumping spider zombies (Spider:4)
  21 dream sheep
  A meliai zombie (D:14)
  9 snapping turtles
  3 vampires
  65 redbacks
  2 air elementals
  4 wraiths
  15 water elementals
  A hog (Shoals:1)
  4 large abominations (Abyss:2)
  10 wyverns
  A ynoxinul (Depths:1)
  2 fire elementals (Elf:1)
  79 yaks
  13 humans
  12 basilisks
  24 tarantellas
  3 neqoxecs
  A fire bat (Abyss:2)
  Grum (D:8)
  2 steam dragons (Lair:6)
  4 vampire mosquitoes (D:12)
  A chaos spawn (Depths:1)
  An elf skeleton (Vaults:2)
  4 small abominations (Abyss:2)
  5 wargs
  An acid dragon (shapeshifter) (Elf:1)
  An acid dragon (D:15)
  4 hell hounds (Elf:2)
  26 soldier ants
  A spectral hornet (Spider:4)
  10 water moccasins
  28 orc warriors
  3 swamp drakes (Lair:6)
  5 sky beasts
  11 ice beasts
  A hornet zombie (Spider:4)
  4 black bears
  A necrophage (D:8)
  35 wolves
  22 ogres
  12 centaurs
  2 phantoms
  16 bullfrogs
  2 kobold brigands
  An earth elemental (Elf:2)
  A wyvern zombie (D:15)
  5 scorpions
  2 wyvern skeletons
  37 killer bees
  20 wights
  11 electric eels
  3 howler monkeys
  6 hounds
  A bullfrog zombie (D:7)
  21 orc priests
  4 bullfrog skeletons
  2 centaur skeletons
  Jessica (D:2)
  A human skeleton (Abyss:2)
  14 iguanas
  16 orc wizards
  24 worker ants
  15 hell rats
  2 hound zombies (D:5)
  2 worker ant zombies
  Robin (D:3)
  14 gnolls
  14 adders
  13 river rats (D:5)
  2 shadow imps
  A white imp (D:9)
  An ufetubus (Abyss:2)
  An adder zombie (D:7)
  4 worms
  8 leopard geckos
  67 orcs
  8 giant cockroaches
  15 goblins
  11 hobgoblins
  11 jackals
  16 kobolds
  A quokka (D:3)
  7 ball pythons
  12 bats
  4 frilled lizards
  2 jackal skeletons
  A jackal zombie (D:7)
  A quokka skeleton (D:4)
  15 rats
  A lurking horror (Abyss:2)
  2 starspawn tentacles (Abyss:2)
  2 tentacles (Shoals:3)
1645 creatures vanquished.

Vanquished Creatures (collateral kills)
  2 sphinxes (Elf:2)
  A frost giant (Depths:1)
  3 great orbs of eyes
  A hydra (Lair:3)
  A merfolk aquamancer (Shoals:4)
  A death yak (Lair:5)
  2 death scarabs (Spider:4)
  Urug (Lair:6)
  A sixfirhy (Abyss:2)
  A deep elf archer (Elf:2)
  A spectral wolf spider (Spider:4)
  4 harpies
  An orc knight (D:10)
  A deep elf zephyrmancer (Elf:1)
  An ugly thing (Depths:2)
  A merfolk siren (Shoals:4)
  An eye of devastation (Lair:5)
  A cane toad (Lair:5)
  A spectral redback (Spider:4)
  A demonic crawler (Spider:4)
  A redback zombie (Spider:4)
  A queen bee (Lair:5)
  4 dream sheep (Lair:6)
  2 blink frogs
  A jumping spider zombie (Spider:4)
  2 redbacks (Spider:3)
  A water elemental (Elf:1)
  7 yaks
  A floating eye (Lair:5)
  A water moccasin (Lair:6)
  3 killer bees (Lair:5)
51 creatures vanquished.

Vanquished Creatures (others)
  A deep elf sorcerer (Elf:1)
  A spark wasp (Spider:3)
  4 deep elf knights
  A deep elf zephyrmancer (Elf:2)
  A manticore (Shoals:4)
  2 polar bears (IceCv)
  A water elemental (Shoals:1)
  2 humans
  A wolf (IceCv)
  An ufetubus (Vaults:2)
  27 fungi
  A lurking horror (Abyss:2)
  140 plants
  4 starspawn tentacles (Abyss:2)
  2 tentacles (Shoals:3)
189 creatures vanquished.

Grand Total: 1885 creatures vanquished

Notes
Turn   | Place    | Note
-------+----------+-------------------------------------------
     0 | D:1      | jasper the Demonspawn Gladiator began the quest for the
                  | Orb.
     0 | D:1      | Reached XP level 1. HP: 16/16 MP: 1/1
    64 | D:1      | Reached skill level 3 in Long Blades
   410 | D:1      | Gained mutation: You have a pair of small antennae on your
                  | head. [demonic ancestry]
   410 | D:1      | Reached XP level 2. HP: 20/22 MP: 2/2
  1751 | D:2      | Gained mutation: You have a somewhat thin skeletal
                  | structure. (Dex +2, Stealth) [demonic ancestry]
  1751 | D:2      | Reached XP level 3. HP: 23/27 MP: 3/3
  1909 | D:2      | Found a faded altar of an unknown god.
  2017 | D:2      | Reached skill level 1 in Armour
  2248 | D:2      | Reached skill level 4 in Long Blades
  2387 | D:2      | Noticed Jessica
  2397 | D:2      | Killed Jessica
  2398 | D:2      | Reached XP level 4. HP: 21/33 MP: 4/4
  3234 | D:3      | Gained mutation: You have a moderately thin skeletal
                  | structure. (Dex +4, Stealth+) [demonic ancestry]
  3234 | D:3      | Reached XP level 5. HP: 38/38 MP: 5/5
  3241 | D:3      | Noticed a black bear
  3278 | D:4      | Found Nenuss's General Store.
  3284 | D:4      | Bought a +0 pair of gloves for 58 gold pieces
  3448 | D:4      | Identified the +9 hand axe "Cucicw" {speed, *Noise rPois
                  | Int+5}
  3528 | D:4      | Reached skill level 5 in Long Blades
  3784 | D:4      | Reached XP level 6. HP: 21/44 MP: 6/6
  4127 | D:4      | Noticed an orc warrior
  4192 | D:5      | Entered Level 5 of the Dungeon
  4569 | D:5      | Reached skill level 6 in Long Blades
  5554 | D:6      | Reached skill level 7 in Long Blades
  6017 | D:6      | Reached XP level 7. HP: 45/50 MP: 7/7
  6408 | D:6      | Found a sacrificial altar of Ru.
  6550 | D:6      | Reached skill level 8 in Long Blades
  7116 | D:4      | Found a stormy altar of Qazlal.
  7116 | D:4      | Found a bloodstained altar of Trog.
  7125 | D:4      | Became a worshipper of Trog the Wrathful
  7477 | D:4      | Reached * piety under Trog
  7617 | D:4      | Gained mutation: You have a pair of antennae on your head.
                  | [demonic ancestry]
  7617 | D:4      | Reached XP level 8. HP: 55/56 MP: 8/8
  7900 | D:3      | Reached skill level 9 in Long Blades
  7912 | D:3      | Noticed Robin
  7921 | D:3      | Killed Robin
  8451 | D:7      | Reached ** piety under Trog
  8969 | D:7      | Noticed a troll
  8974 | D:7      | Reached skill level 10 in Long Blades
  8976 | D:7      | Found a staircase to the Ecumenical Temple.
  8980 | D:7      | Killed a troll
  9431 | D:7      | Noticed Pikel
  9442 | D:7      | Killed Pikel
  9443 | D:7      | Reached skill level 11 in Long Blades
  9443 | D:7      | Gained mutation: You regenerate magic rapidly. [demonic
                  | ancestry]
  9443 | D:7      | Reached XP level 9. HP: 61/61 MP: 9/9
 10485 | D:8      | Found a staircase to the Lair.
 10490 | D:8      | Reached skill level 12 in Long Blades
 10636 | D:8      | Noticed a two-headed ogre
 10650 | D:8      | Killed a two-headed ogre
 10921 | D:8      | Reached *** piety under Trog
 11052 | D:8      | Gained mutation: You have an unnaturally thin skeletal
                  | structure. (Dex +6, Stealth++) [demonic ancestry]
 11052 | D:8      | Reached XP level 10. HP: 67/67 MP: 10/10
 11451 | D:8      | Noticed a two-headed ogre
 11464 | D:8      | Killed a two-headed ogre
 11465 | D:8      | Reached skill level 13 in Long Blades
 12042 | D:9      | Noticed Grum
 12280 | D:8      | Killed Grum
 12615 | D:9      | Found Giagaa's Distillery.
 12630 | D:9      | Bought a potion of heal wounds for 60 gold pieces
 12630 | D:9      | Bought a potion of haste for 120 gold pieces
 12630 | D:9      | Bought 2 potions of heal wounds for 120 gold pieces
 12630 | D:9      | Bought a potion of curing for 36 gold pieces
 12630 | D:9      | Bought a potion of curing for 36 gold pieces
 12630 | D:9      | Bought a potion of curing for 36 gold pieces
 13098 | D:9      | Found a shadowy altar of Dithmenos.
 13153 | D:9      | Reached skill level 14 in Long Blades
 13682 | D:9      | Found a blossoming altar of Fedhas.
 13742 | D:9      | Found a basalt altar of Yredelemnul.
 14258 | D:10     | Entered Level 10 of the Dungeon
 14678 | D:10     | Reached **** piety under Trog
 14904 | D:10     | Found Ypheop's Magic Scroll Emporium.
 15020 | D:10     | Bought a scroll of teleportation for 39 gold pieces
 15020 | D:10     | Bought a scroll of teleportation for 39 gold pieces
 15373 | D:11     | Noticed a white ugly thing
 15375 | D:11     | Noticed a green ugly thing
 15379 | D:11     | Noticed a red ugly thing
 15385 | D:11     | Killed a green ugly thing
 15390 | D:11     | Noticed an orc knight
 15587 | D:11     | Noticed a manticore
 15589 | D:11     | Noticed a cyclops
 15606 | D:11     | Killed a manticore
 15607 | D:11     | Reached XP level 11. HP: 62/77 MP: 11/11
 16012 | D:11     | Found a staircase to the Orcish Mines.
 16329 | D:11     | Killed a red ugly thing
 16332 | D:11     | Killed a red ugly thing
 16333 | D:11     | Reached skill level 5 in Fighting
 16333 | D:11     | Reached skill level 5 in Dodging
 16531 | D:11     | Killed an unseen horror
 16952 | D:10     | Killed an orc knight
 17234 | D:11     | Reached skill level 5 in Armour
 17357 | D:11     | Identified the +11 long sword "Qacys" {protect, *Rage rPois
                  | rN+ Dex+2}
 17464 | D:11     | Noticed a two-headed ogre
 17470 | D:11     | Killed a two-headed ogre
 18193 | Orc:1    | Entered Level 1 of the Orcish Mines
 18461 | Orc:1    | Noticed an orc knight
 18569 | Lair:1   | Entered Level 1 of the Lair of Beasts
 19444 | Lair:1   | Reached XP level 12. HP: 63/91 MP: 12/12
 19608 | Lair:1   | Reached ***** piety under Trog
 21172 | Lair:3   | Noticed a seven-headed hydra
 21595 | Lair:3   | Killed a seven-headed hydra
 21864 | Lair:3   | Identified the +11 bardiche "Vuqiw" {vorpal, Will+}
 22330 | Lair:3   | Noticed a four-headed hydra
 22350 | Lair:3   | Killed a four-headed hydra
 22930 | Lair:4   | Gained mutation: When hurt, damage is shared between your
                  | health and your magic reserves. [demonic ancestry]
 22930 | Lair:4   | Reached XP level 13. HP: 101/101 MP: 13/13
 23423 | Lair:4   | Found a staircase to the Shoals.
 24003 | Lair:4   | Reached skill level 10 in Fighting
 24122 | Lair:4   | Found a hole to the Spider Nest.
 24531 | Lair:5   | Found a staircase to the Slime Pits.
 24539 | Lair:5   | Paralysed by a floating eye for 4 turns
 24891 | Lair:5   | Reached skill level 10 in Dodging
 24912 | Lair:5   | Reached skill level 10 in Armour
 24912 | Lair:5   | Reached skill level 1 in Stealth
 24924 | Lair:5   | Reached skill level 1 in Evocations
 26340 | Lair:5   | Received a gift from Trog
 26749 | Lair:5   | Reached skill level 5 in Stealth
 26861 | Lair:5   | Reached skill level 5 in Evocations
 26889 | Lair:5   | Gained mutation: You have a pair of large antennae on your
                  | head. (SInv) [demonic ancestry]
 26889 | Lair:5   | Reached XP level 14. HP: 85/110 MP: 14/14
 27191 | Lair:5   | Identified the Tome of Lethal Weightlessness
 27850 | Lair:6   | Entered Level 6 of the Lair of Beasts
 28656 | Lair:6   | Received a gift from Trog
 28910 | Slime:1  | Entered Level 1 of the Pits of Slime
 28910 | Slime:1  | Noticed an acid blob
 28910 | Slime:1  | Noticed an acid blob
 28910 | Slime:1  | Noticed an azure jelly
 28910 | Slime:1  | Noticed an azure jelly
 29811 | Lair:6   | HP: 4/165 [ten-headed hydra (10)]
 29817 | Lair:6   | HP: 4/165 [wolf (1)]
 30044 | Lair:6   | Noticed Urug
 30048 | Lair:6   | Killed Urug
 33175 | Orc:1    | Noticed an orc warlord
 33189 | D:11     | Killed an orc warlord
 33974 | Orc:2    | Entered Level 2 of the Orcish Mines
 34086 | Orc:2    | Found a staircase to the Elven Halls.
 34086 | Orc:2    | Noticed Donald
 34089 | Orc:2    | Found a frozen archway.
 34105 | IceCv    | Entered an ice cave
 34548 | IceCv    | Reached XP level 15. HP: 115/115 MP: 13/15
 34553 | IceCv    | Reached skill level 15 in Long Blades
 35129 | IceCv    | Noticed a frost giant
 35158 | IceCv    | Killed a frost giant
 35499 | IceCv    | Identified the ring "Nedol" {+Fly rN+ Int-3 Dex+4}
 36530 | Orc:2    | Found Huwu Pefabic's Armour Emporium.
 36553 | Orc:2    | Reached skill level 16 in Long Blades
 37377 | Orc:2    | Killed Donald
 37411 | Orc:2    | Found Qeudduv's Weapon Shop.
 37416 | Orc:2    | Found Paakinn's Distillery.
 37417 | Orc:2    | Found Ifretaw's Book Emporium.
 37430 | Orc:2    | Bought a potion of heal wounds for 75 gold pieces
 37430 | Orc:2    | Bought a potion of might for 60 gold pieces
 37430 | Orc:2    | Bought a potion of might for 60 gold pieces
 37430 | Orc:2    | Bought a potion of resistance for 150 gold pieces
 37430 | Orc:2    | Bought 2 potions of heal wounds for 150 gold pieces
 37430 | Orc:2    | Bought a potion of cancellation for 120 gold pieces
 37505 | Orc:2    | Noticed Maurice
 37522 | Orc:2    | Killed Maurice
 37996 | D:12     | Noticed Rupert
 38014 | D:12     | Killed Rupert
 38460 | D:12     | Reached skill level 17 in Long Blades
 38800 | D:12     | Found a runed translucent door.
 38803 | D:12     | Noticed Weelen's ghost (journeyman MiBe)
 39040 | D:13     | Found a runed translucent gate.
 39040 | D:13     | Found a runed translucent gate.
 39045 | D:13     | Found a runed translucent gate.
 39046 | D:13     | Noticed Terrapin's ghost (journeyman MfTm)
 39047 | D:13     | Found an iron altar of Okawaru.
 39247 | D:13     | Reached XP level 16. HP: 57/122 MP: 16/16
 39679 | D:13     | Found a gate to the Vaults.
 40100 | D:13     | Received a gift from Trog
 40212 | D:13     | Noticed Frances
 40232 | D:13     | Killed Frances
 40233 | D:13     | Reached skill level 18 in Long Blades
 41225 | D:14     | Found Ytaigag's Assorted Antiques.
 41600 | D:14     | Bought a phantom mirror for 1160 gold pieces
 41600 | D:14     | Bought a potion of curing for 87 gold pieces
 41600 | D:14     | Bought a scroll of blinking for 217 gold pieces
 41600 | D:14     | Bought a potion of might for 116 gold pieces
 42384 | D:15     | Entered Level 15 of the Dungeon
 43131 | Spider:1 | Entered Level 1 of the Spider Nest
 43263 | Spider:1 | Received a gift from Trog
 43882 | Spider:1 | Reached skill level 19 in Long Blades
 47612 | Spider:2 | Reached XP level 17. HP: 103/128 MP: 15/17
 47904 | Spider:2 | Received a gift from Trog
 48494 | Spider:2 | Reached skill level 20 in Long Blades
 50003 | Spider:3 | Gained mutation: When low on magic, you restore magic in
                  | place of health. [demonic ancestry]
 50003 | Spider:3 | Reached XP level 18. HP: 138/138 MP: 18/18
 50287 | Spider:4 | Entered Level 4 of the Spider Nest
 53091 | Spider:4 | Identified the +5 ring mail of Action {Int+3}
 54165 | Spider:4 | Reached ****** piety under Trog
 54345 | Spider:4 | Received a gift from Trog
 55902 | Spider:4 | Got a gossamer rune of Zot
 56073 | Shoals:1 | Entered Level 1 of the Shoals
 56073 | Shoals:1 | Noticed Aizul
 56413 | Lair:4   | Killed Aizul
 57431 | Shoals:1 | Noticed Kirke
 57448 | Shoals:1 | Killed Kirke
 58773 | Shoals:2 | Gained mutation: A weak demonic guardian rushes to your
                  | aid. [demonic ancestry]
 58773 | Shoals:2 | Reached XP level 19. HP: 131/148 MP: 16/19
 59200 | Shoals:2 | You are sucked into a shaft and drop 1 floor!
 59206 | Shoals:3 | Found the +8 demon trident "Rift" {distort, reach+}
 60389 | Shoals:2 | Identified the +4 falchion of the Spider {vorpal, +Rage
                  | +Inv rN++ Dex-4} (Trog gifted it to you on level 2 of the
                  | Shoals)
 60389 | Shoals:2 | Received a gift from Trog
 61399 | Shoals:4 | Entered Level 4 of the Shoals
 63508 | Shoals:4 | Received a gift from Trog
 63989 | Shoals:4 | Got a barnacled rune of Zot
 64190 | Shoals:4 | Found Kuuzab Wyso's Book Shop.
 65121 | D:15     | Found a hazy altar of Hepliaklqana.
 65194 | D:15     | Found a staircase to the Depths.
 65879 | Vaults:1 | Entered Level 1 of the Vaults
 66392 | Vaults:1 | Received a gift from Trog
 66612 | Vaults:1 | Paralysed by a great orb of eyes for 2 turns
 66779 | Vaults:1 | Found Kaprus's Distillery.
 66787 | Vaults:1 | Bought a potion of curing for 42 gold pieces
 66787 | Vaults:1 | Bought a potion of heal wounds for 70 gold pieces
 66787 | Vaults:1 | Bought a potion of heal wounds for 70 gold pieces
 67941 | Vaults:2 | Found Owkias's General Store.
 67949 | Vaults:2 | Bought a potion of curing for 54 gold pieces
 67949 | Vaults:2 | Bought a scroll of fear for 63 gold pieces
 67986 | Vaults:2 | Gained mutation: Your flesh is heat resistant. (rF+)
                  | [demonic ancestry]
 67986 | Vaults:2 | Reached XP level 20. HP: 61/160 MP: 11/20
 68696 | Vaults:2 | Received a gift from Trog
 69004 | Vaults:2 | Cast into level 2 of the Abyss (a wizard)
 69131 | Abyss:2  | Identified the ring "Ifidulez" {rF+ rN+ EV+4}
 69251 | Abyss:2  | Reached skill level 15 in Fighting
 69459 | Abyss:2  | Gained mutation: Armour fits poorly on your strangely
                  | shaped body. [a neqoxec]
 69568 | Vaults:2 | Escaped the Abyss
 71412 | D:10     | Bought a scroll of enchant armour for 97 gold pieces
 71471 | Elf:1    | Entered Level 1 of the Elven Halls
 72467 | Elf:1    | Received a gift from Trog
 73610 | Elf:2    | Reached skill level 15 in Armour
 73679 | Elf:2    | Found a runed translucent gate.
 73679 | Elf:2    | Found a runed translucent gate.
 73679 | Elf:2    | Found a runed translucent gate.
 73681 | Elf:2    | Reached skill level 15 in Dodging
 73715 | Elf:2    | Found Noimiwua's Assorted Antiques.
 73809 | Elf:2    | Gained mutation: A demonic guardian rushes to your aid.
                  | [demonic ancestry]
 73809 | Elf:2    | Reached XP level 21. HP: 37/168 MP: 10/21
 74070 | Elf:2    | Bought a pair of embroidered boots for 180 gold pieces
 74418 | Elf:3    | Entered Level 3 of the Elven Halls
 74432 | Elf:3    | Found Uluwigaf's Book Shoppe.
 74432 | Elf:3    | Found Unlair's Jewellery Boutique.
 74433 | Elf:3    | Found Liurch's Book Shoppe.
 74441 | Elf:3    | Bought the ring of Noawuli {rC+ Dex+4} for 565 gold pieces
 75307 | Depths:1 | Entered Level 1 of the Depths
 75559 | Depths:1 | Found a portal to a secret trove of treasure.
 75678 | Depths:1 | Identified the +3 falchion of Crusades {vorpal, Fragile rC+
                  | SInv} (Trog gifted it to you on level 1 of the Depths)
 75678 | Depths:1 | Received a gift from Trog
 75681 | Depths:1 | Reached skill level 10 in Stealth
 75690 | Depths:1 | Reached skill level 10 in Evocations
 75912 | Depths:1 | Found a large runed translucent door.
 75918 | Depths:1 | Found a large runed translucent door.
 75920 | Depths:1 | Noticed srzhan31's ghost (adept GrCj)
 76395 | Depths:1 | Found a gateway to Hell.
 76478 | Depths:1 | Found a one-way gate to the infinite horrors of the Abyss.
 77023 | Depths:1 | Found a sparkling altar of Nemelex Xobeh.
 77251 | D:12     | Killed Weelen's ghost
 77335 | D:13     | Killed Terrapin's ghost
 77735 | Depths:1 | Gained mutation: You are frail. (-10% HP) [a neqoxec]
 77760 | Depths:1 | Found a one-way gate leading to the halls of Pandemonium.
 77770 | Depths:1 | Received a gift from Trog
 78184 | Depths:1 | Paralysed by a great orb of eyes for 2 turns
 78398 | Depths:2 | Found a shimmering altar of Xom.
 79672 | Depths:2 | HP: 6/153 [fire giant/+0 great sword of flaming (5)]
 79672 | Depths:2 | Annihilated by an ettin

Illustrated notes

Levels and vault maps discovered:
D:1:      zaba_arrival_water, layout_loops_ring
D:2:      layout_basic, chequers_ecumenical_altar_simple, uniq_jessica
D:3:      layout_rooms, st_stairs_14, minivault_4, uniq_robin
D:4:      layout_rooms, nicolae_overflow_hidden_temple, serial_shops,
          nicolae_shop_trees, chequers_decorated_corner, minmay_misc_feat_doors,
          minmay_snake_closets
D:5:      layout_layer_cave, dk_rats_in_the_wall
D:6:      layout_loops_cross, nicolae_ru_path_of_blood, hangedman_decor_push,
          chequers_serial_rivers_marsh
D:7:      layout_loops_ring, minmay_temple_entry_proselytizer, uniq_pikel
D:8:      layout_basic, lair_entry_dummy, nicolae_water_bricks
D:9:      layout_basic, grunt_dithmenos_smoke_and_mirrors, lemuel_doored_altar,
          gammafunk_temple_overflow_forgotten, serial_shops, nicolae_shop_trees,
          serial_bayou, serial_bayou_pond_d, serial_bayou_shore_a,
          serial_bayou_ford_a, serial_bayou_shore_b, uniq_grum
D:10:     layout_basic, serial_shops, shop, st_stairs_6
D:11:     layout_cave_pools, orc_0_dummy, special_room [special_room_orc],
          nicolae_tso_carved_into_rock
D:12:     slaughterhouse, layout_rooms, serial_rivers,
          chequers_serial_rivers_marsh, chequers_serial_rivers_micro_a,
          chequers_serial_rivers_room_a, chequers_serial_rivers_room_b,
          ebering_ghost_reflecting_pool, uniq_rupert
D:13:     layout_layer_cave, ximxim_vaults_locker_room,
          gammafunk_ghost_fury_of_okawaru, minmay_misc_feat_enclosed,
          minmay_misc_feat_chi, chequers_serial_rivers_micro_c, uniq_frances
D:14:     layout_roguey, serial_shops, nicolae_shop_crystal, bh_walls_and_bars
D:15:     grunt_enter_depths_hoard, layout_cave_pools, serial_park,
          serial_park_avenue1, serial_park_avenue1, lemuel_round_altar
Lair:1:   layout_regular_city, grunt_megastairs_4, infiniplex_staircase_pool
Lair:2:   layout_gridlike, serial_forest, infiniplex_forest_clump_curved,
          infiniplex_forest_end_3, infiniplex_forest_clump_tiny,
          infiniplex_forest_clump_curved, infiniplex_forest_clump_diagonal,
          infiniplex_forest_end_3, lemuel_fruit_fields
Lair:3:   layout_loops_ring, grunt_megastairs_3
Lair:4:   layout_misc_corridors, minmay_shoals_entry_beasts,
          spider_nest_entry_rubble, special_room [special_room_mythical_zoo],
          cheibrodos_lair_caveside_slide
Lair:5:   regret_index_wax_grids, layout_regular_city, minmay_slime_entry_eyes,
          minmay_lair_oklob_chamber, grunt_megastairs_2, serial_bayou_shore_b,
          lemuel_fruit_tree
Lair:6:   guppyfry_lair_end_dragon, layout_gridlike, hibernation_bobbens,
          uniq_urug
Shoals:1: layout_shoals, uniq_kirke, uniq_aizul
Shoals:2: layout_shoals
Shoals:3: layout_shoals
Shoals:4: shoals_end_simple, layout_shoals, serial_shops, shop,
          nicolae_shoals_aquamancer_cove
Spider:1: layout_spider_delve
Spider:2: nicolae_spider_corner
Spider:3: layout_spider_delve
Spider:4: floodkiller_spider_rune_tomb, minivault_29
Slime:1:  layout_caves
Orc:1:    layout_caves, nicolae_volcano_entry_s_turn
Orc:2:    st_orc_open, layout_caves, portal_ice_cave_entry_ice_beasts,
          uniq_maurice, uniq_donald
Elf:1:    eino_elf_arrival_customs, layout_geoelf_octagon, minivault_28
Elf:2:    layout_gridlike, special_room [special_room_mythical_zoo],
          serial_shops, nicolae_shop_overgrown_old_shop
Elf:3:    minmay_elf_hall_spiked, layout_loops_ring,
          nicolae_elf_glass_and_crystal_pillar_1, minmay_shop_grove
Vaults:1: v_misc_27, ontoclasm_vaults_pinch, ontoclasm_vaults_bender,
          vaults_room_grunt_arrival_ludios, layout_vaults_omnigrid,
          serial_shops, shop
Vaults:2: vaults_dpeg_encased_lava, v_misc_33, grunt_vaults_funnel,
          nicolae_vaults_diagonal_hallway_6, nicolae_vaults_asterisk, v_misc_22,
          nicolae_vaults_asterisk, nicolae_vaults_ring_of_whatevers,
          layout_vaults_big_room, serial_shops, shop
Vaults:3: hangedman_vaults_nails, minmay_crypt_entry_skeletal_spiral,
          ontoclasm_vaults_hangar, st_hourglassy, grunt_vaults_twisty,
          nicolae_vaults_alarming, vaults_mumra_hex,
          nicolae_vaults_border_crossing, ontoclasm_vaults_gateway, v_misc_8,
          vaults_room_pool, hangedman_vaults_capsules, layout_vaults_omnicross,
          uniq_bai_suzhen
Depths:1: layout_gridlike, ebering_ghost_disaster_area,
          nicolae_trove_entry_crossroad, rand_demon_pan_entry_4,
          hangedman_abyss_entry_splay, pf_hell_entry_tar_spiral, drop_trap,
          nemelex_diamond_rough_becter
Depths:2: minmay_big_diamond_grid, layout_basic, serial_aquarium,
          aquarium_bridge_square [aquarium_subvault_wall,
          aquarium_subvault_bridge, aquarium_subvault_wall,
          aquarium_subvault_bridge], aquarium_bridge_island_large
          [aquarium_subvault_large_water, aquarium_subvault_bridge,
          aquarium_subvault_wall, aquarium_subvault_bridge,
          aquarium_subvault_bridge], aquarium_window_1, aquarium_window_1,
          aquarium_window_fake, aquarium_view_2a, aquarium_view_2c,
          aquarium_pool_1, abyss_entry_small_statue_room,
          hangedman_coc_ice_floe, chequers_serial_rivers_marsh, xom_teletrap_fun

Skill      XL: |  1  2  3  4  5  6  7  8  9 10 11 12 13 14 15 16 17 18 19 20 21 |
---------------+----------------------------------------------------------------+-----
Long Blades    | 3 4 5 7 8 11 12 14 17 19 20 | 20.0
Armour         | 1 3 6 8 10 11 13 15 | 15.0
Dodging        | 4 6 9 10 11 13 15 | 15.1
Fighting       | 4 7 9 10 11 12 14 15 | 15.9
Stealth        | 5 8 9 12 | 12.0
Evocations     | 5 8 9 12 | 12.0
Slings         | |  0.5
Throwing       | |  1.7

Action                   |  1- 3 |  4- 6 |  7- 9 | 10-12 | 13-15 | 16-18 | 19-21 || total
-------------------------+-------+-------+-------+-------+-------+-------+-------++-------
Melee: Long sword        |    68 |    61 |       |   227 |       |       |       ||   356
       Scimitar          |       |    63 |   374 |   193 |       |       |       ||   630
       Great sword       |       |       |       |   246 |  1370 |  1538 |  1886 ||  5040
       Dagger            |       |       |       |    14 |    12 |    13 |       ||    39
 Fire: Hunting sling     |    63 |    35 |       |       |       |       |       ||    98
Throw: Throwing net      |     3 |     3 |       |       |       |       |       ||     6
       Stone             |       |    51 |    37 |    85 |    56 |   185 |    52 ||   466
Invok: Berserk           |       |       |     7 |    27 |    25 |    17 |     2 ||    78
       Trog's Hand       |       |       |     3 |     4 |    18 |     8 |    35 ||    68
       Brothers in Arms  |       |       |       |     2 |     7 |     4 |     1 ||    14
Evoke: Wand              |       |     4 |     7 |    30 |    50 |    33 |     6 ||   130
       Lightning rod     |       |       |       |       |    10 |    17 |    20 ||    47
       Tin of tremorston |       |       |       |       |       |       |     9 ||     9
       Phial of floods   |       |       |       |       |       |       |     1 ||     1
       Phantom mirror    |       |       |       |       |       |       |     1 ||     1
       Condenser vane    |       |       |       |       |       |       |     1 ||     1
  Use: Scroll            |     3 |     8 |       |    11 |     7 |    14 |    15 ||    58
       Potion            |       |     6 |     4 |     2 |     8 |     9 |     4 ||    33
 Stab: Held in net/web   |     1 |       |       |       |       |       |       ||     1
       Sleeping          |       |     4 |    16 |    12 |    13 |    20 |    37 ||   102
       Distracted        |       |     1 |       |       |     6 |    10 |    11 ||    28
       Paralysed         |       |       |       |     3 |     5 |       |       ||     8
Armor: Leather armour    |    25 |    14 |       |       |       |       |       ||    39
       Ring mail         |       |    26 |    90 |    59 |       |       |       ||   175
       Scale mail        |       |       |       |   142 |   459 |    51 |       ||   652
       Chain mail        |       |       |       |       |    28 |       |       ||    28
       Fire dragon scale |       |       |       |       |       |   891 |   545 ||  1436
Dodge: Dodged            |    68 |    77 |   175 |   513 |  1703 |  1852 |  1841 ||  6229
       Rpst.: Long sword |    19 |    13 |       |    34 |       |       |       ||    66
       Scimitar          |       |     8 |    49 |    33 |       |       |       ||    90
       Great sword       |       |       |       |    61 |   451 |   394 |   371 ||  1277

Table legend: (Time is in decaauts)
 A = Elapsed time spent in this place.
 B = Non-inter-level travel time spent in this place.
 C = Inter-level travel time spent in this place.
 D = Time resting spent in this place.
 E = Time spent auto-exploring this place.
 F = Levels seen in this place.
 G = Mean time per level.
                   A        B        C        D        E       F      G
               +--------+--------+--------+--------+--------+-----+--------+
         Total |  79322 |  75619 |   3703 |  25923 |  36535 |  42 | 1888.6 |
       Dungeon |  26927 |  25106 |   1821 |   8000 |  13137 |  15 | 1795.1 |
          Lair |  14596 |  13726 |    870 |   4537 |   7110 |   6 | 2432.7 |
        Shoals |   8198 |   8018 |    180 |   2714 |   4068 |   4 | 2049.5 |
   Spider Nest |  12798 |  12519 |    279 |   7274 |   3053 |   4 | 3199.5 |
    Slime Pits |      1 |      1 |      0 |      0 |      0 |   1 |    1.0 |
  Orcish Mines |   2668 |   2496 |    172 |    793 |   1049 |   2 | 1334.0 |
   Elven Halls |   3603 |   3440 |    163 |    396 |   2284 |   3 | 1201.0 |
        Vaults |   4732 |   4549 |    183 |   1130 |   2744 |   3 | 1577.3 |
        Depths |   3508 |   3475 |     33 |    608 |   2153 |   2 | 1754.0 |
         Abyss |    519 |    519 |      0 |    129 |     49 |   1 |  519.0 |
      Ice Cave |   1767 |   1767 |      0 |    339 |    888 |   1 | 1767.0 |
               +--------+--------+--------+--------+--------+-----+--------+

Top non-repeatable levels by time:
Spider:2: 4559 daAuts
  Lair:6: 3935 daAuts
Spider:3: 3708 daAuts
    D:11: 3463 daAuts
Shoals:3: 3290 daAuts
  Lair:5: 2967 daAuts
Spider:4: 2917 daAuts
  Lair:4: 2807 daAuts
    D:13: 2555 daAuts
Vaults:2: 2483 daAuts
     D:8: 2339 daAuts
Depths:1: 2268 daAuts
     D:9: 2261 daAuts
   Orc:2: 2118 daAuts
Shoals:1: 2089 daAuts
